 Dungeon Crawl Stone Soup version 0.22-a0-284-g99d1f74 (webtiles) character file.

2897 Amnesiac the Prestidigitator (level 9, 0/45 (46) HPs)
             Began as a Spriggan Fighter on Mar 21, 2018.
             Was an Initiate of Gozag.
             Slain by a centaur
             ... wielding a +0 short sword
              (9 damage)
             ... on level 8 of the Dungeon.
             The game lasted 00:18:57 (10905 turns).

Amnesiac the Prestidigitator (Spriggan Fighter)    Turns: 10905, Time: 00:18:58

HP:   0/45 (46)     AC:  3    Str: 15    XL:     9   Next: 49%
MP:   16/16         EV: 23    Int: 10    God:    Gozag
Gold: 1048          SH:  7    Dex: 15    Spells: 4/8 levels left

rFire    + . .     SeeInvis +   a - +0 long sword
rCold    + . .     Gourm    .   c - +0 buckler
rNeg     . . .     Faith    .   o - +0 robe {rF+}
rPois    .         Spirit   .   (helmet restricted)
rElec    .         Reflect  .   (no cloak)
rCorr    .         Harm     .   (gloves unavailable)
MR       +....                  (boots unavailable)
Stlth    +.........             (no amulet)
HPRegen  0.15/turn              m - +1 ring of protection
MPRegen  0.15/turn              r - ring of protection from cold

@: very quick
A: very small, unfitting armour, see invisible, herbivore, speed 3, slow
metabolism 2
a: Potion Petition, Call Merchant, Bribe Branch, Renounce Religion


You were on level 8 of the Dungeon.
You worshipped Gozag.
Gozag was most pleased with you.
You were not hungry.

You visited 2 branches of the dungeon, and saw 9 of its levels.
You also visited: Sewer.

You collected 1134 gold pieces.
You paid 86 gold pieces to Gozag.

Inventory:

Hand Weapons
 a - a +0 long sword (weapon)
 p - a +0 dagger of speed
Missiles
 s - 8 poisoned tomahawks (quivered)
 u - 45 poisoned needles
Armour
 c - a +0 buckler (worn)
 j - a +2 cloak
 o - a +0 robe of fire resistance (worn)
Jewellery
 g - an uncursed ring of fire
 m - a +1 ring of protection (left hand)
 r - a ring of protection from cold (right hand)
Wands
 h - a wand of digging (13)
 k - a wand of paralysis (17)
Scrolls
 l - a scroll of magic mapping {!r}
 w - a scroll of enchant armour {!r}
 B - 2 scrolls of teleportation {!r}
Potions
 b - a potion of brilliance {!q, unknown}
 d - 7 potions of might {!q}
 e - 3 potions of flight {!q}
 i - a potion of magic {!q, unknown}
 n - a potion of mutation {!q}
 q - 3 potions of curing {!q}
 t - a potion of resistance {!q}
 v - 2 potions of ambrosia {!q, unknown}
 x - a potion of agility {!q}
 C - a potion of cancellation {!q}
Comestibles
 f - 11 rations


   Skills:
 + Level 4.7 Fighting
 * Level 6.1 Long Blades
 + Level 8.4 Dodging
 + Level 4.3 Shields
 - Level 9.0 Evocations


You had 4 spell levels left.
You knew the following spells:

 Your Spells              Type           Power        Failure   Level  Hunger
a - Apportation           Tloc           #.....       43%         1    ##.....
b - Animate Skeleton      Necr           N/A          43%         1    ##.....
c - Summon Small Mammal   Summ           #...         43%         1    ##.....
z - Confusing Touch       Hex            #.....       43%         1    ##.....


Dungeon Overview and Level Annotations

Branches:
Dungeon (8/15)             Temple (1/1) D:6
   Lair: D:8-11

Altars:
Ashenzari
Dithmenos
Gozag
Hepliaklqana
Kikubaaqudgha
Makhleb
Nemelex Xobeh
Okawaru
Qazlal
Ru
Sif Muna
Uskayaw
Vehumet
Xom
Yredelemnul
Zin
The Shining One

Annotations:
D:6 Amnesiac's ghost, novice SpFi


Innate Abilities, Weirdness & Mutations

You are very small and have problems with some larger weapons.
You are too small for most types of armour.
You have supernaturally acute eyesight. (SInv)
You are a herbivore.
You cover ground extremely quickly.
You need to consume almost no food.


Message History

The bullfrog croaks.
You hit the bullfrog.
The bullfrog is no longer distracted by gold.
The bullfrog is heavily wounded.
You block the bullfrog's attack.
The bullfrog hits you but does no damage.
You closely miss the bullfrog.
The bullfrog is heavily wounded.
The bullfrog is distracted by the nearby gold.
You closely miss the bullfrog.
The bullfrog is no longer distracted by gold.
The bullfrog croaks.
The bullfrog is heavily wounded.
The bullfrog is distracted by the nearby gold.
You slash the bullfrog!
The bullfrog is no longer distracted by gold.
The bullfrog is almost dead.
The bullfrog misses you. The bullfrog closely misses you.
You slash the bullfrog!
You kill the bullfrog!
You now have 1040 gold pieces (gained 7).
You now have 1048 gold pieces (gained 8).
B - 2 scrolls of teleportation {!r} (gained 1)
You start resting.
HP restored.
Found a stone staircase leading down.
v - 2 ruby potions {!q}
Found a scale mail.
A centaur comes into view. It is wielding a short sword.
A centaur is nearby!
The centaur unwields an uncursed short sword.
The centaur wields a shortbow.
The centaur shoots an arrow.
The arrow closely misses you.
You see here an arrow.
The centaur shoots an arrow.
You block the arrow.
You see here an arrow.
The centaur shoots an arrow.
The arrow completely misses you.
The centaur shoots an arrow.
The arrow hits you!
You see here an arrow.
The centaur unwields an uncursed shortbow.
The centaur wields an uncursed short sword.
The centaur hits you with an uncursed short sword.
You slash the centaur!
The centaur is moderately wounded.
The centaur hits you with an uncursed short sword!
* * * LOW HITPOINT WARNING * * *
You barely miss the centaur.
The centaur is moderately wounded.
The centaur hits you with an uncursed short sword!
* * * LOW HITPOINT WARNING * * *
The centaur completely misses you.
You hit the centaur.
The centaur is heavily wounded.
The centaur completely misses you.
The centaur hits you but does no damage.
You hit the centaur but do no damage.
The centaur is heavily wounded.
The centaur drinks a potion.
The centaur is healed!
You barely miss the centaur.
The centaur is lightly wounded.
The centaur closely misses you.
The centaur hits you with an uncursed short sword!
You die...
Your body crumbles into a pile of gold.

$ ####
...#########
..........#
###........#
#.....c....#
#####....@.....#
#...(.(.(......#
###
#.##########...#
#.####.# #.#
#......# #
#..##### ###.##
#....# ...#..#


You could see a centaur.

Vanquished Creatures
  Grinder (D:5)
  The ghost of Nib the Chopper, an amateur DsGl (D:4)
  A water moccasin (D:8)
  The ghost of Amnesiac the Ducker, an amateur SpFi (D:5)
  An orc warrior (D:5)
  A black bear (D:7)
  A necrophage (D:6)
  6 ogres
  A big kobold (Sewer)
  4 bullfrogs
  4 scorpions
  A wyvern zombie (D:6)
  A howler monkey (D:6)
  5 crimson imps
  A jelly (D:7)
  A bullfrog zombie (D:7)
  A centaur skeleton (D:4)
  3 orc wizards
  A bullfrog skeleton (D:4)
  3 iguanas
  6 worker ants
  4 gnolls (D:2)
  11 adders
  2 river rats (Sewer)
  3 shadow imps
  2 worms
  4 dart slugs
  8 leopard geckos
  14 orcs
  3 giant cockroaches
  7 goblins
  9 hobgoblins
  3 jackals
  10 kobolds
  7 quokkas
  A ball python (D:7)
  8 bats
  6 frilled lizards
  8 rats
155 creatures vanquished.

Notes
Turn   | Place    | Note
-------+----------+-------------------------------------------
     0 | D:1      | Amnesiac the Spriggan Fighter began the quest for the Orb.
     0 | D:1      | Reached XP level 1. HP: 11/11 MP: 2/2
   323 | D:3      | Reached skill level 1 in Evocations
   323 | D:3      | Reached XP level 2. HP: 10/16 MP: 3/3
   360 | D:3      | Reached skill level 2 in Evocations
   416 | D:3      | Reached XP level 3. HP: 6/19 MP: 5/5
   426 | D:3      | Found a glowing drain.
   619 | Sewer    | Entered a sewer
   624 | Sewer    | Reached skill level 3 in Evocations
   798 | Sewer    | Noticed a big kobold
   834 | Sewer    | Killed a big kobold
   834 | Sewer    | Reached skill level 5 in Evocations
   834 | Sewer    | Reached XP level 4. HP: 7/23 MP: 6/9
  1011 | Sewer    | Found a white marble altar of Elyvilon.
  1131 | D:4      | Noticed an ogre
  1136 | D:4      | Killed an ogre
  1136 | D:4      | Reached skill level 6 in Evocations
  1136 | D:4      | Reached XP level 5. HP: 27/27 MP: 10/10
  1883 | D:4      | Reached XP level 6. HP: 28/32 MP: 11/11
  1944 | D:5      | Entered Level 5 of the Dungeon
  1979 | D:5      | Noticed Grinder
  2060 | D:5      | Noticed Amnesiac's ghost (amateur SpFi)
  2145 | D:5      | Paralysed by Grinder for 4 turns
  2482 | D:6      | Noticed Amnesiac's ghost (novice SpFi)
  2531 | D:6      | Found a staircase to the Ecumenical Temple.
  2539 | Temple   | Entered the Ecumenical Temple
  2639 | D:6      | Found a sparkling altar of Nemelex Xobeh.
  3070 | D:3      | Found an opulent altar of Gozag.
  3075 | D:3      | Became a worshipper of Gozag Ym Sagoz the Greedy
  3726 | D:1      | Reached skill level 5 in Dodging
  4647 | D:2      | Found a sacrificial altar of Ru.
  4767 | D:2      | Reached skill level 7 in Evocations
  5256 | D:3      | Reached XP level 7. HP: 35/35 MP: 13/13
  5268 | D:3      | Found a deep blue altar of Sif Muna.
  5462 | D:4      | Noticed Nib's ghost (amateur DsGl)
  5519 | D:4      | Killed Nib's ghost
  5924 | D:5      | Paralysed by Grinder for 5 turns
  5960 | D:5      | Killed Grinder
  5960 | D:5      | Reached skill level 8 in Evocations
  5960 | D:5      | Reached XP level 8. HP: 20/40 MP: 13/15
  6495 | D:5      | Found an iron altar of Okawaru.
  7533 | D:5      | Killed Amnesiac's ghost
  7651 | D:6      | HP: 1/41 [wyvern zombie (13)]
  7987 | D:6      | Reached skill level 9 in Evocations
  8342 | D:6      | Found a shimmering altar of Xom.
  8414 | D:6      | Reached skill level 5 in Long Blades
  9138 | D:7      | Reached XP level 9. HP: 34/44 MP: 16/16
  9141 | D:7      | Learned a level 1 spell: Confusing Touch
  9195 | D:7      | Learned a level 1 spell: Apportation
  9197 | D:7      | Learned a level 1 spell: Animate Skeleton
  9221 | D:7      | Learned a level 1 spell: Summon Small Mammal
  9435 | D:7      | Found a burning altar of Makhleb.
  9435 | D:7      | Noticed a green death
 10905 | D:8      | Slain by a centaur

Vault maps used:
D:1:      evilmike_arrival_fibonacci_small
D:2:      nicolae_ru_sacrificial_ziggurat, first_ration
D:3:      nicolae_gozag_cash_rules_everything_around_me, tgw_sif,
          gup_sewer_entry_bowl
D:5:      basic_altar, uniq_grinder
D:6:      lemuel_crystal_altar, temple_statues, tgw_xom
D:7:      makhleb_altar_promises_db
D:8:      minmay_statue_hallways
Temple:   nicolae_temple_god_jail
Sewer:    sewer_kobolds

Skill      XL: |  1  2  3  4  5  6  7  8  9 |
---------------+----------------------------+-----
Long Blades    | 2 3 5 6 |  6.1
Evocations     | 1 2 5 6 7 8 9 |  9.0
Dodging        | 5 6 7 8 |  8.4
Fighting       | 3 4 |  4.7
Shields        | 3 4 |  4.3

Action                   |  1- 3 |  4- 6 |  7- 9 || total
-------------------------+-------+-------+-------++-------
Melee: Long sword        |    87 |   210 |   455 ||   752
Throw: Tomahawk          |       |       |     7 ||     7
Evoke: Wand              |     3 |    16 |     5 ||    24
  Use: Scroll            |       |     4 |    10 ||    14
       Potion            |       |       |     8 ||     8
 Stab: Sleeping          |     1 |     3 |     1 ||     5
       Distracted        |       |       |     1 ||     1
  Eat: Ration            |       |     1 |     4 ||     5
Armor: Robe              |     8 |    16 |    16 ||    40
       Skin              |       |       |    24 ||    24
Dodge: Dodged            |    58 |   150 |   323 ||   531
Block: Buckler           |    20 |    88 |   136 ||   244
       Rpst.: Long sword |    16 |    50 |    92 ||   158

Table legend:
 A = Spawn XP
 B = Non-spawn XP
 C = Spawn XP percentage of total XP
 D = Spawn monster count
 E = Non-spawn monster count
 F = Spawn count percentage of total count
 G = Total turns spent on level
                    A         B        C        D         E        F      G
               +---------+---------+-------+---------+---------+-------+---------
         Total |       0 |    4139 |   0.0 |       0 |     155 |   0.0 | 10905
               +---------+---------+-------+---------+---------+-------+---------
           D:1 |       0 |      29 |   0.0 |       0 |      16 |   0.0 |  1090
           D:2 |       0 |     163 |   0.0 |       0 |      26 |   0.0 |   977
           D:3 |       0 |     231 |   0.0 |       0 |      26 |   0.0 |  1202
           D:4 |       0 |     845 |   0.0 |       0 |      19 |   0.0 |  2230
           D:5 |       0 |     642 |   0.0 |       0 |       9 |   0.0 |  1609
           D:6 |       0 |     593 |   0.0 |       0 |      15 |   0.0 |  1163
           D:7 |       0 |     844 |   0.0 |       0 |      23 |   0.0 |  1758
           D:8 |       0 |     655 |   0.0 |       0 |      11 |   0.0 |   385
         Sewer |       0 |     137 |   0.0 |       0 |      10 |   0.0 |   437
               +---------+---------+-------+---------+---------+-------+---------
